PA
HAMMOND HERONS @ GALESBURG GUZZLERS
06/16/2022
 
TOP OF THE 1ST
Hammond Herons batting - Pitching for Galesburg Guzzlers : LHP Mike Harris
Pitching: LHP Mike Harris
Batting: RHB Sancho Romero 0-0: Called Strike
0-1: Ground out 4-3 (Groundball, 4)
Batting: LHB Juan Villanueva 0-0: Ball
1-0: Ball
2-0: Ground out 6-3 (Groundball, 6)
Batting: RHB Edward Payne 0-0: Called Strike
0-1: Swinging Strike
0-2: SINGLE (Flyball, 8LS)
Batting: RHB Scott Zijm 0-0: SINGLE (Groundball, 4MD)
Edward Payne to second
Runner from 2nd tries for 3rd, SAFE, throw made to third
Batting: RHB Jorge Baker 0-0: Fly out, F9 (Flyball, 9LMF)
Top of the 1st over - 0 run(s), 2 hit(s), 0 error(s), 2 left on base; Hammond 0 - Galesburg 0
BOTTOM OF THE 1ST
Galesburg Guzzlers batting - Pitching for Hammond Herons : RHP Manuel Sánchez
Pitching: RHP Manuel Sánchez
Batting: RHB José Canó 0-0: SINGLE (Groundball, 6MD)
Batting: RHB Ken Dillon 0-0: Ball
1-0: Called Strike
1-1: Called Strike
1-2: Grounds into double play, 4-6-3 (Groundball, 4)
Batting: RHB Ralph Gilbert 0-0: Swinging Strike
0-1: Swinging Strike
0-2: Strikes out swinging
Bottom of the 1st over - 0 run(s), 1 hit(s), 0 error(s), 0 left on base; Hammond 0 - Galesburg 0
TOP OF THE 2ND
Hammond Herons batting - Pitching for Galesburg Guzzlers : LHP Mike Harris
Batting: RHB Jimmy Dawson 0-0: Ball
1-0: Ball
2-0: Called Strike
2-1: DOUBLE (Line Drive, 7LM)
Batting: RHB José Trombelli 0-0: Called Strike
0-1: Ball
1-1: Called Strike
1-2: Ball
2-2: Foul Ball, location: 2F
2-2: Ball
3-2: Strikes out swinging
Batting: RHB Brian Soto 0-0: Ball
1-0: Ball
2-0: Called Strike
2-1: Ball
3-1: Swinging Strike
3-2: Foul Ball, location: 2F
3-2: Foul Ball, location: 2F
3-2: SINGLE (Line Drive, 6)
Jimmy Dawson to third
Runner from 3rd tries for Home, SAFE, no throw or cutoff
Batting: RHB Pancho Núñez 0-0: Reached on error, E1 (Groundball, 13)
Brian Soto to second
Batting: RHB Sancho Romero 0-0: Ball
1-0: Ball
2-0: Ball
3-0: Base on Balls
Brian Soto to third
Pancho Núñez to second
Batting: LHB Juan Villanueva 0-0: Called Strike
0-1: Ball
1-1: Called Strike
1-2: Ball
2-2: Ground out 5-3 (Groundball, 5S)
Brian Soto scores
Pancho Núñez to third
Sancho Romero to second
Batting: RHB Edward Payne 0-0: Called Strike
0-1: Ball
1-1: Foul Ball, location: 2F
1-2: Ball
2-2: Foul Ball, location: 2F
2-2: Foul Ball, location: 2F
2-2: Ball
3-2: Foul Ball, location: 2F
3-2: Ground out 6-3 (Groundball, 6)
Top of the 2nd over - 2 run(s), 2 hit(s), 1 error(s), 2 left on base; Hammond 2 - Galesburg 0
BOTTOM OF THE 2ND
Galesburg Guzzlers batting - Pitching for Hammond Herons : RHP Manuel Sánchez
Batting: RHB Mark Vidal 0-0: Foul Ball, location: 2F
0-1: SINGLE (Line Drive, 89S)
Batting: LHB Martín Cruz 0-0: Ball
1-0: Called Strike
1-1: SINGLE (Groundball, 6MD)
Mark Vidal to second
Batting: RHB Sean Godron 0-0: Swinging Strike
0-1: Ball
1-1: Ball
2-1: SINGLE (Groundball, 56)
Mark Vidal to third
Martín Cruz to second
Runner from 3rd tries for Home, SAFE, no throw or cutoff
Batting: RHB Jack Sloan 0-0: Swinging Strike
0-1: Foul Ball, location: 2F
0-2: Grounds into double play, 6-4-3 (Groundball, 6M)
Martín Cruz to third
Batting: RHB Daniel Ybarra 0-0: Called Strike
0-1: Ball
1-1: Called Strike
1-2: Foul Ball, location: 2F
1-2: Foul Ball, location: 2F
1-2: Ball
2-2: Strikes out swinging
Bottom of the 2nd over - 1 run(s), 3 hit(s), 0 error(s), 1 left on base; Hammond 2 - Galesburg 1
TOP OF THE 3RD
Hammond Herons batting - Pitching for Galesburg Guzzlers : LHP Mike Harris
Batting: RHB Scott Zijm 0-0: Called Strike
0-1: Foul Ball, location: 2F
0-2: Ball
1-2: Strikes out swinging
Batting: RHB Jorge Baker 0-0: Called Strike
0-1: Ball
1-1: Ball
2-1: Called Strike
2-2: Ball
3-2: SINGLE (Line Drive, 9S)
Batting: RHB Jimmy Dawson 0-0: Called Strike
0-1: Grounds out, U3 (Groundball, 3L)
Batting: RHB José Trombelli 0-0: Called Strike
0-1: Ball
1-1: Foul Ball, location: 2F
1-2: Strikes out looking
Top of the 3rd over - 0 run(s), 1 hit(s), 0 error(s), 1 left on base; Hammond 2 - Galesburg 1
BOTTOM OF THE 3RD
Galesburg Guzzlers batting - Pitching for Hammond Herons : RHP Manuel Sánchez
Batting: RHB Bubba Blevins 0-0: Foul Ball, location: 2F
0-1: Foul Ball, location: 2F
0-2: Ball
1-2: Strikes out swinging
Batting: RHB José Canó 0-0: Called Strike
0-1: Ball
1-1: Ball
2-1: Ball
3-1: Ground out 6-3 (Groundball, 6M)
Batting: RHB Ken Dillon 0-0: Called Strike
0-1: Ball
1-1: Ball
2-1: Ball
3-1: Base on Balls
Batting: RHB Ralph Gilbert 0-0: Ball
Ken Dillon is caught stealing 2nd base
Bottom of the 3rd over - 0 run(s), 0 hit(s), 0 error(s), 0 left on base; Hammond 2 - Galesburg 1
TOP OF THE 4TH
Hammond Herons batting - Pitching for Galesburg Guzzlers : LHP Mike Harris
Batting: RHB Brian Soto 0-0: Called Strike
0-1: Foul Ball, location: 2F
0-2: Ground out 1-3 (Groundball, 15S)
Batting: RHB Pancho Núñez 0-0: Ball
1-0: Ball
2-0: Foul Ball, location: 2F
2-1: Foul Ball, location: 2F
2-2: Strikes out looking
Batting: RHB Sancho Romero 0-0: Called Strike
0-1: Ball
1-1: Ball
2-1: Foul Ball, location: 2F
2-2: Ground out 6-3 (Groundball, 6)
Top of the 4th over - 0 run(s), 0 hit(s), 0 error(s), 0 left on base; Hammond 2 - Galesburg 1
BOTTOM OF THE 4TH
Galesburg Guzzlers batting - Pitching for Hammond Herons : RHP Manuel Sánchez
Batting: RHB Ralph Gilbert 0-0: Ball
1-0: Ball
2-0: Called Strike
2-1: SINGLE (Groundball, 34D)
Batting: RHB Mark Vidal 0-0: Fielders Choice at 2nd, 4-6 (Groundball, 4)
Batting: LHB Martín Cruz 0-0: Ball
1-0: Foul Ball, location: 2F
1-1: Fly out, F8 (Flyball, 8RM)
Batting: RHB Sean Godron 0-0: Ball
1-0: Ball
2-0: Called Strike
2-1: Foul Ball, location: 2F
2-2: DOUBLE (Groundball, 5L)
Mark Vidal to third
Batting: RHB Jack Sloan 0-0: Called Strike
0-1: Called Strike
0-2: Strikes out swinging
Bottom of the 4th over - 0 run(s), 2 hit(s), 0 error(s), 2 left on base; Hammond 2 - Galesburg 1
TOP OF THE 5TH
Hammond Herons batting - Pitching for Galesburg Guzzlers : LHP Mike Harris
Batting: LHB Juan Villanueva 0-0: SINGLE (Groundball, 56D) (infield hit)
Batting: RHB Edward Payne 0-0: Foul Ball, location: 2F
0-1: SINGLE (Groundball, 5L)
Juan Villanueva to second
Batting: RHB Scott Zijm 0-0: Grounds into double play, 6-4-3 (Groundball, 6M)
Juan Villanueva to third
Batting: RHB Jorge Baker 0-0: Swinging Strike
Single, Error in OF, E9, batter to second base
Juan Villanueva scores
Batting: RHB Jimmy Dawson 0-0: Called Strike
0-1: Hit by Pitch
Batting: RHB José Trombelli 0-0: Swinging Strike
0-1: Ball
1-1: Called Strike
1-2: Ball
2-2: Foul Ball, location: 2F
2-2: Strikes out looking
Top of the 5th over - 1 run(s), 3 hit(s), 1 error(s), 2 left on base; Hammond 3 - Galesburg 1
BOTTOM OF THE 5TH
Galesburg Guzzlers batting - Pitching for Hammond Herons : RHP Manuel Sánchez
Batting: RHB Daniel Ybarra 0-0: Ball
1-0: Foul Ball, location: 2F
1-1: Foul Ball, location: 2F
1-2: Strikes out swinging
Batting: RHB Bubba Blevins 0-0: Ball
1-0: Called Strike
1-1: Ball
2-1: Ball
3-1: Base on Balls
Batting: RHB José Canó 0-0: Called Strike
0-1: Called Strike
0-2: Strikes out looking
Batting: RHB Ken Dillon 0-0: Called Strike
0-1: Foul Ball, location: 2F
0-2: Ball
Wild Pitch!
Bubba Blevins to second
1-2: Ground out 6-3 (Groundball, 6M)
Bottom of the 5th over - 0 run(s), 0 hit(s), 0 error(s), 1 left on base; Hammond 3 - Galesburg 1
TOP OF THE 6TH
Hammond Herons batting - Pitching for Galesburg Guzzlers : LHP Mike Harris
Batting: RHB Brian Soto 0-0: Ball
1-0: Ball
2-0: Ball
3-0: Called Strike
3-1: DOUBLE (Line Drive, 8LM)
Batting: RHB Pancho Núñez 0-0: Ball
1-0: Ball
2-0: Swinging Strike
2-1: Ground out 4-3 (Groundball, 34)
Brian Soto to third
Batting: RHB Sancho Romero 0-0: Ball
1-0: Ball
2-0: Ball
3-0: Called Strike
3-1: Base on Balls
Pitching: RHP José Gato
Batting: LHB Juan Villanueva 0-0: Called Strike
0-1: Called Strike
0-2: Ball
1-2: TRIPLE (Line Drive, 7LS)
Brian Soto scores
Sancho Romero scores
Batting: RHB Edward Payne 0-0: Foul Ball, location: 2F
0-1: Ball
1-1: Ball
Passed Ball!
Juan Villanueva scores
2-1: Ball
3-1: Fly out, F8 (Flyball, 8LM)
Batting: RHB Scott Zijm 0-0: Ball
1-0: Ball
2-0: Foul Ball, location: 2F
2-1: Foul Ball, location: 2F
2-2: Strikes out swinging
Top of the 6th over - 3 run(s), 2 hit(s), 0 error(s), 0 left on base; Hammond 6 - Galesburg 1
BOTTOM OF THE 6TH
Galesburg Guzzlers batting - Pitching for Hammond Herons : RHP Manuel Sánchez
Batting: RHB Ralph Gilbert 0-0: Ball
1-0: Foul Ball, location: 2F
1-1: Fly out, F9 (Flyball, 9M)
Batting: RHB Mark Vidal 0-0: Called Strike
0-1: Ball
1-1: Ball
2-1: Swinging Strike
2-2: Ball
3-2: Fly out, F9 (Line Drive, 9M)
Batting: LHB Martín Cruz 0-0: Called Strike
0-1: Called Strike
0-2: Ball
1-2: Foul Ball, location: 2F
1-2: Strikes out swinging
Bottom of the 6th over - 0 run(s), 0 hit(s), 0 error(s), 0 left on base; Hammond 6 - Galesburg 1
TOP OF THE 7TH
Hammond Herons batting - Pitching for Galesburg Guzzlers : RHP José Gato
Batting: RHB Jorge Baker 0-0: Called Strike
0-1: Ball
1-1: Foul Ball, location: 2F
1-2: Strikes out swinging
Batting: RHB Jimmy Dawson 0-0: Called Strike
0-1: Ball
1-1: Ball
2-1: Called Strike
2-2: Ball
3-2: Base on Balls
Batting: RHB José Trombelli 0-0: Ball
1-0: Ball
2-0: SINGLE (Groundball, 6MD)
Jimmy Dawson to second
Runner from 2nd tries for 3rd, SAFE, throw made to third
Batting: RHB Brian Soto 0-0: Called Strike
0-1: DOUBLE (Groundball, 5L)
Jimmy Dawson scores
José Trombelli to third
Runner from 3rd tries for Home, SAFE, no throw or cutoff
Pitching: RHP Jim Unknown
Batting: RHB Pancho Núñez 0-0: Called Strike
0-1: Swinging Strike
0-2: Strikes out swinging
Batting: RHB Sancho Romero 0-0: Ball
1-0: Ball
2-0: Ball
3-0: Foul Ball, location: 2F
3-1: Swinging Strike
3-2: Base on Balls
Batting: LHB Juan Villanueva 0-0: Ball
1-0: Ball
2-0: Ball
3-0: Base on Balls
Brian Soto to third
Sancho Romero to second
Batting: RHB Edward Payne 0-0: Ball
1-0: Foul Ball, location: 2F
1-1: Swinging Strike
1-2: Strikes out swinging
Top of the 7th over - 2 run(s), 2 hit(s), 0 error(s), 3 left on base; Hammond 8 - Galesburg 1
BOTTOM OF THE 7TH
Galesburg Guzzlers batting - Pitching for Hammond Herons : RHP Manuel Sánchez
Batting: RHB Sean Godron 0-0: Ground out 4-3 (Groundball, 4)
Batting: RHB Jack Sloan 0-0: Ball
1-0: Ground out 6-3 (Groundball, 6)
Batting: RHB Daniel Ybarra 0-0: Fly out, F7 (Flyball, 7S)
Bottom of the 7th over - 0 run(s), 0 hit(s), 0 error(s), 0 left on base; Hammond 8 - Galesburg 1
TOP OF THE 8TH
Hammond Herons batting - Pitching for Galesburg Guzzlers : RHP Jim Unknown
Batting: RHB Scott Zijm 0-0: Called Strike
0-1: Foul Ball, location: 2F
0-2: SINGLE (Line Drive, 9LM)
Batting: RHB Jorge Baker 0-0: Ball
1-0: Ball
2-0: Foul Ball, location: 2F
2-1: Ball
3-1: Base on Balls
Scott Zijm to second
Pinch Hitting: RHB Miguel Rodríguez 0-0: Called Strike
0-1: Ball
1-1: Bunted foul
1-2: Fly out, F8 (Flyball, 78M)
Batting: RHB José Trombelli 0-0: Called Strike
0-1: Ball
1-1: Ball
2-1: Ball
3-1: Base on Balls
Scott Zijm to third
Jorge Baker to second
Pinch Hitting: LHB Koen van den Bogaert 0-0: GRAND SLAM HOME RUN (Flyball, 9D), Distance : 350 ft
Pitching: RHP Charles Logan
Batting: RHB Pancho Núñez 0-0: Called Strike
0-1: Foul Ball, location: 2F
0-2: Strikes out looking
Batting: RHB Sancho Romero 0-0: Hit by Pitch
Batting: LHB Juan Villanueva 0-0: Called Strike
0-1: Ball
1-1: Fly out, F8 (Flyball, 8LM)
Top of the 8th over - 4 run(s), 2 hit(s), 0 error(s), 1 left on base; Hammond 12 - Galesburg 1
BOTTOM OF THE 8TH
Galesburg Guzzlers batting - Pitching for Hammond Herons : RHP Manuel Sánchez
Now at 3B: Fernando Martínez
Now in CF: Will Boyle
Batting: RHB Bubba Blevins 0-0: Ball
1-0: Ball
2-0: Called Strike
2-1: Foul Ball, location: 2F
2-2: Strikes out looking
Batting: RHB José Canó 0-0: Ball
1-0: Called Strike
1-1: Foul Ball, location: 2F
1-2: Ball
2-2: Ball
3-2: Foul Ball, location: 2F
3-2: Strikes out swinging
Batting: RHB Ken Dillon 0-0: Called Strike
0-1: Called Strike
0-2: Strikes out swinging
Bottom of the 8th over - 0 run(s), 0 hit(s), 0 error(s), 0 left on base; Hammond 12 - Galesburg 1
TOP OF THE 9TH
Hammond Herons batting - Pitching for Galesburg Guzzlers : RHP Charles Logan
Batting: RHB Edward Payne 0-0: Called Strike
0-1: Ball
1-1: Ball
2-1: Ball
3-1: Foul Ball, location: 2F
3-2: Foul Ball, location: 2F
3-2: Strikes out swinging
Batting: RHB Scott Zijm 0-0: Ball
1-0: Ball
2-0: Swinging Strike
2-1: Foul Ball, location: 2F
2-2: Foul Ball, location: 2F
2-2: Strikes out swinging
Batting: RHB Jorge Baker 0-0: Ground out 6-3 (Groundball, 6M)
Top of the 9th over - 0 run(s), 0 hit(s), 0 error(s), 0 left on base; Hammond 12 - Galesburg 1
BOTTOM OF THE 9TH
Galesburg Guzzlers batting - Pitching for Hammond Herons : RHP Manuel Sánchez
Batting: RHB Ralph Gilbert 0-0: Ball
1-0: Called Strike
1-1: Ball
2-1: Ball
3-1: Called Strike
3-2: Strikes out swinging
Pitching: RHP Arno Wilmetz
Batting: RHB Mark Vidal 0-0: Called Strike
0-1: Ball
1-1: Swinging Strike
1-2: Strikes out swinging
Batting: LHB Martín Cruz 0-0: Foul Ball, location: 2F
0-1: Ball
1-1: Foul Ball, location: 2F
1-2: Hit by Pitch
Pinch Runner at 1st Jim Unknown:
Batting: RHB Sean Godron 0-0: Ground out 6-3 (Groundball, 6)
Bottom of the 9th over - 0 run(s), 0 hit(s), 0 error(s), 1 left on base; Hammond 12 - Galesburg 1
This league is powered by Out of the Park Baseball, the baseball management simulation game for PC, Mac and Linux
Friday, April 15th, 2016 - OOTP Baseball 16.9 Build 39